Get step-by-step instructions on how to execute this build order below. Start the game timer, and the build order will tick by so you can play in parallel with StarCraft on a second screen or mobile device.

Game Time

  0:00

Last Step

  N/A

Next Step

  12  0:00  Drone  

Upcoming Step

  13  0:12  Overlord  

Don't want to look back and forth between 2 screens? Try out our Overwolf App, the Spawning Tool Build Advisor to get an in-game overlay with this build!

Complete Build Order

  12  0:00  Drone  
  13  0:12  Overlord  
  13  0:17  Drone  
  14  0:31  Drone x2  
  16  0:35  Drone  
  16  0:39  Extractor  
  16  0:46  Drone  
  17  0:51  Spawning Pool  
  17  0:56  Drone  
  17  1:07  Drone  
  18  1:21  Hatchery  
  18  1:24  Drone  
  18  1:29  Drone  
  19  1:39  Metabolic Boost  
  19  1:46  Queen  
  21  1:53  Overlord  
  21  2:02  Baneling Nest  
  21  2:03  Drone  
  21  2:06  Zergling x2  
  22  2:11  Zergling x2  
  23  2:27  Queen  
  23  2:29  Zergling x2  
  26  2:34  Zergling x4  
  28  2:45  Zergling x4  
  28  2:46  Baneling  
  28  2:47  Baneling  
  30  2:55  Zergling x2, Overlord  
  31  2:58  Zergling x4  
  31  3:00  Zergling x2  
  34  3:05  Baneling  
  34  3:06  Baneling  
  34  3:07  Drone  
  34  3:12  Drone  
  36  3:21  Drone x2  
  36  3:26  Baneling x4  
  36  3:27  Drone  
  36  3:36  Drone x3  
  36  3:40  Drone x2  
  39  3:51  Drone x3  
  39  3:52  Drone  
  38  3:58  Zergling x2  
  39  4:04  Roach Warren  
  39  4:05  Drone x2  
  40  4:13  Overlord  
  40  4:15  Overlord  
  40  4:18  Baneling x2  
  40  4:25  Zergling x2  
  40  4:27  Zergling x6  
  40  4:28  Zergling x2  
  40  4:29  Overlord  
  44  4:31  Zergling x2  
  44  4:32  Zergling x2  
  45  4:42  Zergling x4  
  45  4:44  Baneling  
  45  4:45  Baneling  
  47  4:46  Baneling x3  
  47  4:47  Drone  
  47  4:50  Drone, Extractor  
  48  4:58  Drone x3  
  45  5:05  Drone x2  
  47  5:11  Lair, Extractor  
  47  5:13  Hatchery  
  45  5:16  Drone x2  
  47  5:22  Drone  
  47  5:23  Evolution Chamber  
  47  5:28  Drone x2  
  45  5:45  Drone x3  
  45  5:46  Roach x3  
  52  5:56  Drone, Extractor x2  
  52  5:57  Drone x2  
  53  5:58  Zerg Missile Weapons Level 1  
  53  5:59  Drone x3  
  53  6:03  Roach  
  58  6:04  Roach  
  60  6:16  Drone  
  60  6:19  Roach  
  60  6:22  Zergling x8  
  64  6:29  Glial Reconstitution  
  64  6:31  Drone x3  
  68  6:32  Drone  
  68  6:33  Queen  
  68  6:36  Drone x2  
  71  6:42  Baneling x3  
  71  6:43  Drone  
  72  6:47  Drone x2  
  72  6:49  Overlord x3  
  72  6:52  Overlord  
  74  7:02  Hydralisk Den  
  73  7:11  Drone  
  73  7:12  Drone x7  
  79  7:17  Unknown, Roach  
  81  7:24  Roach x4  
  81  7:29  Roach x2  
  92  7:31  Overlord  
  92  7:32  Overlord x2  
  92  7:33  Overlord  
  92  7:38  Roach  
  92  7:41  Roach  
  92  7:43  Overlord x2  
  96  7:45  Ravager  
  96  7:50  Ravager x4  
  101  7:53  Roach x4  
  101  7:56  Roach x2  
  101  7:57  Roach  
  115  8:00  Roach  
  115  8:01  Roach  
  115  8:04  Roach x2  
  123  8:06  Overlord x2  
  123  8:11  Extractor  
  123  8:12  Extractor  
  119  8:17  Drone x2  
  119  8:18  Drone x2  
  119  8:19  Roach x4  
  127  8:26  Roach  
  128  8:30  Overseer  
  128  8:31  Roach x3  
  134  8:36  Overlord x2  
  134  8:38  Roach x2  
  138  8:45  Ravager  
  138  8:46  Roach x3  
  138  8:47  Overlord  
  145  8:52  Overlord  
  139  9:07  Roach x5  
  139  9:08  Roach x4  
  145  9:15  Roach x3  
  139  9:24  Roach  
  139  9:25  Roach x3  
  139  9:30  Roach  
  139  9:31  Roach x2  
  141  9:38  Roach x3  
  116  9:52  Roach x3  
  114  10:05  Roach x3  
  120  10:11  Roach x3  
  120  10:13  Zergling x2, Hatchery  
  120  10:14  Zergling x10  
  123  10:36  Extractor  
  123  10:40  Extractor